 Dungeon Crawl Stone Soup version 0.27-a0-32-g443bf2d2ca (webtiles) character file.

Game seed: 14876682597325110801

224 Hempel the Chopper (level 5, -6/48 HPs)
             Began as a Minotaur Berserker on Jan 3, 2021.
             Was a Priest of Trog.
             Mangled by a phantom (7 damage)
             ... on level 4 of the Dungeon on Jan 4, 2021.
             The game lasted 00:15:31 (2798 turns).

Hempel the Chopper (Minotaur Berserker)             Turns: 2798, Time: 00:15:32

Health: -6/48      AC:  9    Str: 22    XL:     5   Next: 67%
Magic:  4/4        EV:  9    Int:  4    God:    Trog [***...]
Gold:   130        SH:  0    Dex: 10    Spells: 4/4 levels left

rFire    . . .     SeeInvis .   a - +0 hand axe
rCold    . . .     Faith    .   (no shield)
rNeg     . . .     Spirit   .   d - +0 chain mail (curse)
rPois    .         Reflect  .   (helmet restricted)
rElec    .         Harm     .   (no cloak)
rCorr    .         Rampage  .   (no gloves)
Will     .....                  (no boots)
Stlth    ..........             (no amulet)
HPRegen  0.16/turn              (no ring)
MPRegen  0.09/turn              (no ring)

@: berserk cooldown, slowed, very slow
A: retaliatory headbutt, horns 2
a: Renounce Religion, Berserk, Trog's Hand


You were on level 4 of the Dungeon.
You worshipped Trog.
Trog was most pleased with you.
You visited 1 branch of the dungeon, and saw 4 of its levels.

You collected 130 gold pieces.

Inventory:

Hand Weapons
 a - a +0 hand axe (weapon)
 f - a +0 club
   (You took it off a hobgoblin on level 2 of the Dungeon)
Armour
 b - a +0 animal skin
 d - a cursed +0 chain mail (worn)
   (You found it on level 1 of the Dungeon)
Jewellery
 o - an uncursed ring of fire {unknown}
   (You found it on level 3 of the Dungeon)
Scrolls
 e - a scroll of blinking {unknown}
 g - 6 scrolls of identify {unknown}
 l - a scroll of amnesia {unknown}
 m - a scroll of enchant armour {unknown}
 p - a scroll of enchant weapon {unknown}
 q - a scroll of remove curse {unknown}
 r - a scroll of random uselessness {unknown}
Potions
 c - 2 potions of haste {unknown}
 h - 2 potions of heal wounds {unknown}
 i - 3 potions of curing {unknown}
 j - a potion of berserk rage {unknown}
 k - a potion of might
 n - a potion of ambrosia {unknown}


   Skills:
 + Level 5.0 Fighting
 + Level 5.0 Axes
 + Level 4.1 Armour
 + Level 3.7 Dodging


You had 4 spell levels left.
You didn't know any spells.
Your spell library was empty.

Dungeon Overview and Level Annotations

Branches:
Dungeon (4/15)
 Temple: D:4-7

Altars:
Ashenzari
Makhleb
Sif Muna
The Shining One

Annotations:
D:3 Blork the orc


Innate Abilities, Weirdness & Mutations

You reflexively headbutt those who attack you in melee.
You have a pair of horns on your head.


Message History

* * * LOW HITPOINT WARNING * * *
The phantom blinks!
The phantom blinks!
You feel a strong urge to attack something.
You are no longer berserk.
You are exhausted.
You feel yourself slow down.
The phantom blinks!
The phantom hits you!
* * * LOW HITPOINT WARNING * * *
The phantom blinks!
The phantom blinks!
The phantom hits you.
* * * LOW HITPOINT WARNING * * *
You closely miss the phantom.
The phantom hits you but does no damage.
You closely miss the phantom. The phantom hits you.
* * * LOW HITPOINT WARNING * * *
The phantom hits you but does no damage.
Your chain mail prevents you from hitting the phantom.
Your headbutt misses the phantom.
You feel yourself speed up. The phantom hits you.
* * * LOW HITPOINT WARNING * * *
The phantom blinks!
You slash the phantom!
The phantom hits you but does no damage.
You closely miss the phantom. The phantom barely misses you.
You hit the phantom. The phantom barely misses you.
You slash the phantom!
The phantom hits you but does no damage.
You hit the phantom.
You recover from your berserk rage.
The phantom hits you but does no damage.
You hit the phantom but do no damage. The phantom hits you.
* * * LOW HITPOINT WARNING * * *
The phantom blinks!
A red film seems to cover your vision as you go berserk!
You feel yourself moving faster!
You feel mighty! The phantom barely misses you.
You slash the phantom! You hit the phantom.
The phantom blinks!
You feel a strong urge to attack something.
You are no longer berserk.
You are exhausted.
You feel yourself slow down. The phantom hits you.
* * * LOW HITPOINT WARNING * * *
The phantom hits you!
You die...

#..W........##.###
#...........##.# #
####........###.###
#......#....# #.##.
#.#######.#.###.#..
#§# #..........
##.## ######.###
#...####### #.# #
#.W@......# #.###
#...#####.######....
##### #...........
############


You could see a phantom.

Vanquished Creatures
  An orc wizard (D:4)
  A worker ant (D:4)
  A hound skeleton (D:4)
  3 gnolls (D:3)
  6 adders
  A worm (D:2)
  A dart slug (D:1)
  3 leopard geckos
  6 orcs (D:4)
  7 giant cockroaches
  6 goblins
  11 hobgoblins
  3 kobolds
  A ball python (D:1)
  10 bats
  2 frilled lizards
  5 rats
68 creatures vanquished.

Notes
Turn   | Place    | Note
-------+----------+-------------------------------------------
     0 | D:1      | Hempel the Minotaur Berserker began the quest for the Orb.
     0 | D:1      | Reached XP level 1. HP: 19/19 MP: 0/0
   154 | D:1      | Reached XP level 2. HP: 27/27 MP: 1/1
   502 | D:2      | Reached ** piety under Trog
   611 | D:2      | Reached XP level 3. HP: 33/33 MP: 2/2
   611 | D:2      | test
   619 | D:2      | Found a faded altar of an unknown god.
   737 | D:2      | n
   737 | D:2      | Upgraded the game from 0.27-a0-25-g087482e4d5 to
                  | 0.27-a0-32-g443bf2d2ca
   761 | D:2      | Found a broken altar of Ashenzari.
  1077 | D:2      | Reached XP level 4. HP: 38/40 MP: 3/3
  1469 | D:3      | Found a burning altar of Makhleb.
  1774 | D:3      | Found a glowing golden altar of the Shining One.
  2109 | D:3      | Reached XP level 5. HP: 43/47 MP: 4/4
  2306 | D:3      | Noticed Blork the orc
  2321 | D:3      | Found a shimmering blue altar of Sif Muna.
  2532 | D:4      | Reached *** piety under Trog
  2726 | D:4      | Noticed a phantom
  2733 | D:4      | Reached skill level 5 in Fighting
  2733 | D:4      | Reached skill level 5 in Axes
  2797 | D:4      | HP: 1/48 [phantom (3)]
  2798 | D:4      | Mangled by a phantom

Illustrated notes #........# . #......... .. #.......# ... #.......# .... #....)..+ ....B #.......# ......#.......# ......†@......# #######.......# #...........### ##........###### ................# ####...#######.# #...# .# #...# ##'######## #...######.........# Turn 611 on D:2: test

########## #........##
#..........
###########.......... ##
#>........'.)@†r..... .#
#........##.......... .#
#........##..........
.###........##..........
..........[.##..........
............###+##+#....
####........# ....
#.......... ...
#+#+##.#.###


Turn 737 on D:2: n

Levels and vault maps discovered:
D:1:      zaba_arrival_water, layout_rooms
D:2:      layout_basic, ashenzari_conservatory_becter,
          chequers_ecumenical_altar_simple_redux, hangedman_glass_teeth
D:3:      layout_basic, bloody_makhleb, nicolae_tso_swordbearing_angel, tgw_sif
D:4:      layout_loops_ring, fountainhead, uniq_blork_the_orc, uniq_edmund

Skill      XL: |  1  2  3  4  5 |
---------------+----------------+-----
Fighting       | 4 5 |  5.0
Axes           | 4 5 |  5.0
Armour         | 3 4 |  4.1
Dodging        | 3 |  3.7

Action                   |  1- 3 |  4- 6 || total
-------------------------+-------+-------++-------
Melee: Hand axe          |    85 |   106 ||   191
       Headbutt          |     7 |     9 ||    16
Throw: Throwing net      |       |     1 ||     1
Invok: Berserk           |     3 |     4 ||     7
Armor: Animal skin       |     5 |       ||     5
       Chain mail        |    44 |    47 ||    91
Dodge: Dodged            |    35 |    52 ||    87

Table legend: (Time is in decaauts)
 A = Elapsed time spent in this place.
 B = Non-inter-level travel time spent in this place.
 C = Inter-level travel time spent in this place.
 D = Time resting spent in this place.
 E = Time spent auto-exploring this place.
 F = Levels seen in this place.
 G = Mean time per level.
                   A        B        C        D        E       F      G
               +--------+--------+--------+--------+--------+-----+--------+
         Total |   2880 |   2834 |     46 |    105 |   1943 |   4 |  720.0 |
       Dungeon |   2880 |   2834 |     46 |    105 |   1943 |   4 |  720.0 |
               +--------+--------+--------+--------+--------+-----+--------+

Top non-repeatable levels by time:
     D:3: 1107 daAuts
     D:2: 939 daAuts
     D:1: 521 daAuts
     D:4: 311 daAuts
